 Dungeon Crawl Stone Soup version 0.30-a0-224-ge52a3cb02f (webtiles) character file.

Game seed: 7250436733379335252

1244 qw the Chopper (level 8, -1/49 HPs)
             Began as a Gargoyle Fighter on Oct 9, 2022.
             Was an Initiate of Okawaru.
             Slain by a troll (2 damage)
             ... on level 5 of the Dungeon.
             The game lasted 00:01:50 (3963 turns).

qw the Chopper (Gargoyle Fighter)                   Turns: 3963, Time: 00:01:51

Health: -1/49      AC: 21    Str: 20 (22) XL:     8   Next: 50%
Magic:  8/8        EV:  6    Int:  8 (9)  God:    Okawaru [......]
Gold:   249        SH:  4    Dex:  9      Spells: 7/7 levels left

rFire   . . .      SeeInvis .    Y - +0 war axe
rCold   . . .      Faith    .    c - +0 buckler
rNeg    + . .      Spirit   .    n - +0 plate armour
rPois   inf        Reflect  .    (no helmet)
rElec   +          Harm     .    (no cloak)
rCorr   .          Rampage  .    (no gloves)
Will    .....                    (no boots)
Stlth   ..........               (no amulet)
HPRegen 0.28/turn                m - +4 ring of protection
MPRegen 0.11/turn                (no ring)

@: no status effects
A: sickness immunity, AC +5, negative energy resistance 1, electricity
resistance, torment resistance 1, petrification resistance
a: Renounce Religion


You were on level 5 of the Dungeon.
You worshipped Okawaru.
Okawaru was noncommittal.
You visited 2 branches of the dungeon, and saw 6 of its levels.

You collected 249 gold pieces.


Innate Abilities, Weirdness & Mutations

You are immune to sickness and miasma.
Your stone body is resilient. (AC +5)
You are immune to poison.
You resist negative energy. (rN+)
You are resistant to electric shocks. (rElec)
You are resistant to unholy torment.
You are immune to petrification.


   Skills:
 - Level 5.1 Fighting
 + Level 7.5 Axes
 - Level 1.0 Throwing
 - Level 4.0 Armour
 - Level 3.0 Dodging
 - Level 3.2 Shields


You had 7 spell levels left.
You didn't know any spells.
Your spell library was empty.

Inventory:

Hand Weapons
 e - a +0 flail
 Y - a +0 war axe (weapon)
Missiles
 a - 4 boomerangs
 h - a boomerang of dispersal (quivered)
Armour
 c - a +0 buckler (worn)
 n - a +0 plate armour (worn)
Jewellery
 m - a +4 ring of protection (left hand)
Scrolls
 k - 5 scrolls of identify
Potions
 b - a potion of lignification
 d - 2 potions of might
 f - 2 potions of haste
 g - 2 potions of heal wounds
 i - 2 potions of curing
 j - a potion of mutation

Dungeon Overview and Level Annotations

Branches:
Dungeon (5/15)             Temple (1/1) D:5

Altars:
Ashenzari
Cheibriados
Dithmenos
Elyvilon
Fedhas
Gozag
Hepliaklqana
Kikubaaqudgha
Nemelex Xobeh
Okawaru
Ru
Sif Muna
Uskayaw
Vehumet
Wu Jian
Yredelemnul

Shops:
D:1 :


Message History

Things that are here:
a +0 short sword; a +2 ring mail of poison resistance; the elf corpse of Duvessa
Found a stone staircase leading up.
Enter note:
Enter note:
Enter note: You now have 249 gold pieces (gained 20).
Found a wand of mindburst (7).
Enter note:
Found a stone staircase leading up.
Enter note:
Enter note: A troll comes into view.
Throw: 2 boomerangs (disperse)
Press: ? - help, Q - select action, (/) - cycle Shift-Dir - straight line, f - troll You throw a boomerang of dispersal.
The boomerang of dispersal hits the troll!
The troll blinks!
The troll is lightly wounded.
You slash the troll!
The troll is moderately wounded.
The troll bites you!
The troll claws you. x2; The troll barely misses you.
The troll claws you but does no damage. x2
You slash the troll!
The troll is heavily wounded.
The troll barely misses you.
The troll claws you but does no damage. x2
You closely miss the troll.
The troll is heavily wounded.
The troll bites you but does no damage.
The troll claws you but does no damage. x2
You barely miss the troll.
The troll is heavily wounded.
The troll bites you! The troll claws you. x2
You hit the troll.
The troll is heavily wounded.
The troll bites you but does no damage. The troll barely misses you.
The troll claws you but does no damage.
You barely miss the troll.
The troll is heavily wounded.
The troll bites you! The troll claws you. x2
You die...

######..# #.# #. #
#..# #.# #.. ###. #
#..# ###.### #... #
##..# #!....# ###.#.
# #.#.######....<#
#.....
######......##.....#
#.#.#.
.........##.##.....#
#.#...
..#####..##.##..T..#
#.###. #.# ###..##.#
#@# #.# #.
#.###....##.# #.#
#.###. #.##.###.##.#
#.# #.##.) #.#.##
##.#.####.# #.##.#
#.#.# #........# ##
#....# #.#.##
##.#.###### ..#
####.# #.##.###.##.#
#.# #....
#........##.######.#
#.# #.###
#######..##........#
#.# #.#..


You could see a troll.

Vanquished Creatures
  Grinder (D:3)
  Sigmund (D:2)
  Duvessa (D:5)
  An ogre (D:5)
  2 phantoms
  A necrophage (D:5)
  Dowan (D:5)
  2 jellies (D:5)
  3 hounds (D:4)
  2 iguanas (D:4)
  Ijyb (D:3)
  Terence (D:3)
  6 gnolls
  5 adders
  A worm (D:3)
  8 orcs
  12 ball pythons
  3 endoplasms
  7 goblins
  6 hobgoblins
  2 jackals (D:1)
  7 kobolds
  6 quokkas
  8 bats
  4 frilled lizards
  7 rats
99 creatures vanquished.

Notes
Turn   | Place    | Note
-------+----------+-------------------------------------------
     0 | D:1      | qw the Gargoyle Fighter began the quest for the Orb.
     0 | D:1      | Reached XP level 1. HP: 14/14 MP: 1/1
     0 | D:1      | 0 ||| qw: Version: 0.2-a-17-g06abaee
     0 | D:1      | 0 ||| qw: Game counter: 2268
     0 | D:1      | 0 ||| qw: Always use a shield: true
     0 | D:1      | 0 ||| qw: God list: Okawaru
     0 | D:1      | 0 ||| qw: Allow faded altars: false
     0 | D:1      | 0 ||| qw: Do Orc after D:15 true
     0 | D:1      | 0 ||| qw: Do second Lair branch before Depths: true
     0 | D:1      | 0 ||| qw: Lair rune preference: random
     0 | D:1      | 0 ||| qw: Plans: Normal, Zot:1-4, God:TSO, Crypt, Tomb,
                  | Pan, Slime:5, Hells, Abyss, Orb
     0 | D:1      | 0 ||| PLANNING D:1-11
    84 | D:1      | Reached skill level 2 in Axes
   123 | D:1      | Found Wume's Book Shop.
   179 | D:1      | Reached XP level 2. HP: 18/19 MP: 2/2
   199 | D:1      | 199 ||| Stepping ~*~*~tactically~*~*~ (stealth).
   201 | D:1      | 201 ||| Stepping ~*~*~tactically~*~*~ (stealth).
   431 | D:1      | Found a faded altar of an unknown god.
   525 | D:1      | Reached skill level 3 in Axes
   693 | D:1      | Reached XP level 3. HP: 23/23 MP: 3/3
   915 | D:1      | 915 ||| READING 2 scrolls labelled FACIDOM JIALO.
   916 | D:1      | 916 ||| READING scroll labelled UXAMAR HEUV.
   917 | D:1      | 917 ||| READING scroll labelled MOT XOYCUMAL.
   918 | D:1      | 918 ||| READING 2 scrolls labelled MAEFFU MAGETT.
   919 | D:1      | 919 ||| READING scroll labelled AHAISHRI FUWK.
   920 | D:1      | 920 ||| READING 3 scrolls labelled SAHEOF ECEU.
   921 | D:1      | 921 ||| READING 2 scrolls of identify.
   921 | D:1      | 921 ||| IDENTIFYING pink potion
   922 | D:1      | 922 ||| DROPPING scroll of poison.
   923 | D:1      | 923 ||| DROPPING scroll of noise.
  1010 | D:2      | Noticed Sigmund
  1011 | D:2      | 1011 ||| Stepping ~*~*~tactically~*~*~ (hiding).
  1024 | D:2      | Killed Sigmund
  1025 | D:2      | Reached skill level 5 in Axes
  1025 | D:2      | Reached XP level 4. HP: 27/28 MP: 4/4
  1025 | D:2      | Reached XP level 5. HP: 31/32 MP: 5/5
  1045 | D:2      | 1045 ||| FLEEEEING.
  1046 | D:2      | 1046 ||| FLEEEEING.
  1047 | D:2      | 1047 ||| FLEEEEING.
  1052 | D:2      | 1052 ||| FLEEEEING.
  1053 | D:2      | 1053 ||| FLEEEEING.
  1054 | D:2      | 1054 ||| FLEEEEING.
  1055 | D:2      | 1055 ||| FLEEEEING.
  1056 | D:2      | 1056 ||| STAIRDANCE
  1235 | D:2      | 1235 ||| DROPPING +0 mace.
  1285 | D:2      | 1285 ||| Stepping ~*~*~tactically~*~*~ (stealth).
  1294 | D:2      | 1294 ||| Stepping ~*~*~tactically~*~*~ (stealth).
  1417 | D:2      | 1417 ||| READING scroll labelled TASOON GE DIJU.
  1440 | D:2      | 1440 ||| READING 3 scrolls of identify.
  1440 | D:2      | 1440 ||| IDENTIFYING fizzy silvery potion
  1457 | D:3      | 1457 ||| STAIRDANCE
  1467 | D:3      | 1467 ||| Stepping ~*~*~tactically~*~*~ (stealth).
  1486 | D:3      | Reached XP level 6. HP: 34/38 MP: 6/6
  1562 | D:3      | 1562 ||| Stepping ~*~*~tactically~*~*~ (stealth).
  1569 | D:3      | 1569 ||| Stepping ~*~*~tactically~*~*~ (stealth).
  1578 | D:3      | Reached skill level 1 in Throwing
  1587 | D:3      | 1587 ||| FLEEEEING.
  1588 | D:3      | 1588 ||| FLEEEEING.
  1589 | D:3      | 1589 ||| FLEEEEING.
  1601 | D:3      | 1601 ||| FLEEEEING.
  1605 | D:3      | 1605 ||| FLEEEEING.
  1607 | D:3      | 1607 ||| FLEEEEING.
  1608 | D:3      | 1608 ||| FLEEEEING.
  1625 | D:3      | Noticed Ijyb
  1626 | D:3      | 1626 ||| Stepping ~*~*~tactically~*~*~ (hiding).
  1629 | D:3      | Paralysed by Ijyb for 4 turns
  1643 | D:3      | Killed Ijyb
  1910 | D:3      | Noticed Terence
  1915 | D:3      | Noticed Grinder
  1916 | D:3      | 1916 ||| Stepping ~*~*~tactically~*~*~ (stealth).
  1919 | D:3      | Killed Terence
  1930 | D:3      | Paralysed by Grinder for 4 turns
  1934 | D:3      | 1934 ||| Stepping ~*~*~tactically~*~*~ (hiding).
  1935 | D:3      | 1935 ||| Stepping ~*~*~tactically~*~*~ (hiding).
  1947 | D:3      | 1947 ||| Stepping ~*~*~tactically~*~*~ (hiding).
  1954 | D:3      | Paralysed by Grinder for 2 turns
  1956 | D:3      | Killed Grinder
  1957 | D:3      | Reached skill level 3 in Dodging
  1957 | D:3      | Reached XP level 7. HP: 43/43 MP: 7/7
  2224 | D:3      | 2224 ||| UPGRADING to +0 chain mail.
  2234 | D:3      | 2234 ||| DROPPING +0 scale mail.
  2235 | D:3      | 2235 ||| DRINKING 2 metallic dark potions.
  2336 | D:3      | 2336 ||| READING 4 scrolls of identify.
  2336 | D:3      | 2336 ||| IDENTIFYING green potion
  2337 | D:3      | 2337 ||| READING 3 scrolls of identify.
  2337 | D:3      | 2337 ||| IDENTIFYING sedimented orange potion
  2338 | D:3      | 2338 ||| DROPPING potion of ambrosia.
  2467 | D:4      | 2467 ||| Stepping ~*~*~tactically~*~*~ (stealth).
  2482 | D:4      | 2482 ||| Stepping ~*~*~tactically~*~*~ (stealth).
  2483 | D:4      | 2483 ||| Stepping ~*~*~tactically~*~*~ (stealth).
  2583 | D:4      | 2583 ||| Stepping ~*~*~tactically~*~*~ (stealth).
  2596 | D:4      | Reached skill level 6 in Axes
  3100 | D:4      | 3100 ||| UPGRADING to +0 plate armour.
  3110 | D:4      | 3110 ||| DROPPING +0 chain mail.
  3111 | D:4      | 3111 ||| UPGRADING to +4 ring of protection.
  3112 | D:4      | 3112 ||| DRINKING 2 smoky red potions.
  3113 | D:4      | 3113 ||| DRINKING 2 fuming brown potions.
  3157 | D:4      | 3157 ||| DRINKING 2 white potions.
  3158 | D:4      | 3158 ||| DROPPING potion of brilliance.
  3159 | D:4      | 3159 ||| DROPPING potion of degeneration.
  3197 | D:5      | Entered Level 5 of the Dungeon
  3213 | D:5      | Reached skill level 7 in Axes
  3213 | D:5      | Reached XP level 8. HP: 40/48 MP: 8/8
  3213 | D:5      | 3213 ||| STAIRDANCE
  3412 | D:5      | Found a staircase to the Ecumenical Temple.
  3606 | D:5      | 3606 ||| PLANNING TEMPLE
  3612 | Temple   | Entered the Ecumenical Temple
  3697 | Temple   | 3697 ||| PLANNING OKAWARU WORSHIP
  3706 | Temple   | Became a worshipper of Warmaster Okawaru
  3707 | Temple   | 3707 ||| PLANNING D:1-11
  3823 | D:5      | Noticed Dowan
  3824 | D:5      | Noticed Duvessa
  3836 | D:5      | Killed Duvessa
  3836 | D:5      | Killed Dowan
  3956 | D:5      | Noticed a troll
  3963 | D:5      | HP: 5/49 [troll (13)]
  3963 | D:5      | HP: 1/49 [troll (4)]
  3963 | D:5      | Slain by a troll

Levels and vault maps discovered:
D:1:      matt_arrival_los_fun, layout_loops_ring,
          hellmonk_ecumenical_altar_pennies_from_heaven, serial_shops, shop
D:2:      layout_rooms, uniq_sigmund
D:3:      layout_loops_ring, uniq_ijyb, uniq_terence, uniq_grinder
D:4:      layout_basic, minmay_fractal_squares_diagonal_5
D:5:      layout_loops_ring, minmay_temple_entry_slanted, uniq_duvessa
Temple:   lightli_temple_of_artemis

Skill      XL: |  1  2  3  4  5  6  7  8 |
---------------+-------------------------+-----
Axes           | 2 3 5 7 |  7.5
Throwing       | 1 |  1.0
Fighting       | 4 5 |  5.1
Dodging        | 3 |  3.0
Armour         | 4 |  4.0
Shields        | |  3.2

Action                   |  1- 3 |  4- 6 |  7- 9 || total
-------------------------+-------+-------+-------++-------
Melee: War axe           |   106 |   117 |   163 ||   386
Throw: Boomerang         |       |    13 |     4 ||    17
  Use: Scroll            |     7 |     2 |     2 ||    11
       Potion            |       |       |     4 ||     4
Armor: Scale mail        |    62 |    66 |     2 ||   130
       Skin              |     7 |     1 |       ||     8
       Chain mail        |       |       |    82 ||    82
       Plate armour      |       |       |    36 ||    36
Dodge: Dodged            |    50 |    45 |    59 ||   154
Block: Buckler           |    22 |    17 |    36 ||    75

Table legend:
 A = Non-vault XP
 B = Vault XP
 C = Vault XP percentage of total XP
 D = Non-vault monster count
 E = Vault monster count
 F = Vault count percentage of total count
                 A         B        C        D         E       F
            +---------+---------+-------+---------+---------+-------
      Total |     909 |     869 |  48.9 |      87 |      12 |  12.1
            +---------+---------+-------+---------+---------+-------
        D:1 |      35 |       0 |   0.0 |      21 |       0 |   0.0
        D:2 |      26 |     247 |  90.5 |      16 |       1 |   5.9
        D:3 |      93 |     349 |  79.0 |      28 |       3 |   9.7
        D:4 |     354 |      61 |  14.7 |      16 |       6 |  27.3
        D:5 |     401 |     212 |  34.6 |       6 |       2 |  25.0
            +---------+---------+-------+---------+---------+-------
